 Dungeon Crawl Stone Soup version 0.17.0-28-g6e173f8 (console) character file.

728 Kloppie the Slicer (level 8, -1/53 HPs)
             Began as a Kobold Berserker on Nov 30, 2015.
             Was a Priest of Trog.
             Killed by nerve-wracking pain
             ... invoked by Grinder
              (11 damage)
             ... while paralysed by Grinder
             ... on level 4 of the Dungeon.
             The game lasted 00:07:48 (3803 turns).

Kloppie the Slicer (Kobold Berserker)               Turns: 3803, Time: 00:07:48

Health: -1/53      AC:  5    Str: 15    XL:     8   Next: 3%
Magic:  8/8        EV:  3    Int:  5    God:    Trog [***...]
Gold:   142        SH:  0    Dex: 18    Spells: 0 memorised, 7 levels left

rFire  . . .     SeeInvis .     a - +2 dagger (drain)
rCold  . . .     Clarity  .     b - +0 animal skin
rNeg   . . .     SustAt   .     (shield restricted)
rPois  +         Gourm    .     (no helmet)
rElec  .         Spirit   .     o - +2 cloak {rPois}
rCorr  .         Warding  .     (no gloves)
rMut   .         Stasis   .     (no boots)
MR     .....                    (no amulet)
Stlth  ++........               (no ring)
                                (no ring)

@: paralysed, drained, not resistant to hostile enchantments, unstealthy
A: carnivore 3
a: Berserk, Trog's Hand, Burn Spellbooks, Renounce Religion


You were on level 4 of the Dungeon.
You worshipped Trog.
Trog was most pleased with you.
You were very full.

You visited 1 branch of the dungeon, and saw 5 of its levels.

You collected 142 gold pieces.

Inventory:

Hand Weapons
 a - a +2 dagger of draining (weapon)
 f - a +0 short sword
 t - a +1 dagger of speed
Armour
 b - a +0 animal skin (worn)
 i - a +0 chain mail
 o - a +2 cloak of poison resistance (worn)
 p - a +0 ring mail
Scrolls
 e - a scroll of fear {unknown}
 g - 3 scrolls of remove curse {unknown}
 h - a scroll of random uselessness {unknown}
 l - a scroll of magic mapping {unknown}
 r - a scroll of teleportation {unknown}
 s - a scroll of fog {unknown}
Potions
 d - 2 potions of haste
 j - 2 potions of lignification
 m - a potion of resistance
 n - 2 potions of curing
 q - a potion of ambrosia
 u - a potion of heal wounds {unknown}
Comestibles
 c - 3 meat rations
 k - a slice of pizza
 v - a beef jerky


   Skills:
 + Level 7.2(6.9) Fighting
 + Level 8.6(8.2) Short Blades
 - Level 1.5(1.2) Armour
 - Level 2.4(2.1) Dodging


You had 7 spell levels left.
You didn't know any spells.

Dungeon Overview and Level Annotations

Branches:
Dungeon (5/15)
 Temple: D:4-7

Altars:
Ru

Annotations:
D:4 Grinder


Innate Abilities, Weirdness & Mutations

You are small and have problems with some larger weapons.
You are carnivorous and can eat meat at any time.


Message History

There is a stone staircase leading down here.
You hit the adder but do no damage. Grinder hits you.
You writhe in agony.
You closely miss the adder. The adder barely misses you.
You closely miss the adder. Grinder gestures at you.
You suddenly lose the ability to move!
The adder barely misses you. The adder bites you but does no damage.
Grinder hits you.
You writhe in agony.
The adder bites you but does no damage. Grinder hits you.
The adder bites you but does no damage. Grinder hits you.
* * * LOW HITPOINT WARNING * * *
The adder bites you but does no damage. Grinder hits you!
* * * LOW HITPOINT WARNING * * *
You writhe in agony.
* * * LOW HITPOINT WARNING * * *
The adder bites you but does no damage. The adder bites you but does no damage.
Grinder gestures at you. Pain shoots through your body!
You die...

### #.# #.#
#.#####.##
#..S@5...###
######.....#
#.# #.....# #.#
#.....# #.#
#.....# #.# ###
#.....# #.#
##.## ###.###
#.# ##.#.## #.#
#.#
###.###.#####.#


You could see Grinder and an adder.

Vanquished Creatures
  Sigmund (D:1)
  A phantom (D:4)
  An ogre (D:3)
  A scorpion (D:4)
  Crazy Yiuf (D:2)
  2 orc priests
  2 centaur skeletons
  Natasha (thrice) (D:2)
  A worker ant (D:4)
  A gnoll (D:1)
  4 adders
  4 oozes
  A worm (D:3)
  A giant gecko (D:4)
  7 orcs
  2 ball pythons
  4 giant cockroaches
  8 goblins
  7 hobgoblins
  2 jackals (D:3)
  A quokka (D:3)
  6 bats
  10 giant newts
  9 kobolds
  6 rats
86 creatures vanquished.

Notes
Turn   | Place    | Note
--------------------------------------------------------------
     0 | D:1      | Kloppie the Kobold Berserker began the quest for the Orb.
     0 | D:1      | Reached XP level 1. HP: 14/14 MP: 1/1
   307 | D:1      | Reached XP level 2. HP: 12/19 MP: 2/2
   337 | D:1      | Reached XP level 3. HP: 15/24 MP: 3/3
  1264 | D:2      | Noticed Sigmund
  1275 | D:2      | Reached ** piety under Trog
  1346 | D:1      | Reached skill level 5 in Short Blades
  1346 | D:1      | Reached XP level 4. HP: 5/30 MP: 4/4
  1631 | D:1      | Killed Sigmund
  1631 | D:1      | Reached skill level 5 in Fighting
  1631 | D:1      | Reached skill level 6 in Short Blades
  1631 | D:1      | Reached XP level 5. HP: 33/35 MP: 5/5
  1631 | D:1      | Reached XP level 6. HP: 38/40 MP: 6/6
  1808 | D:2      | Noticed Natasha
  1817 | D:2      | Killed Natasha
  1987 | D:2      | Noticed Natasha
  2009 | D:2      | Killed Natasha
  2079 | D:2      | Noticed Natasha
  2087 | D:2      | Killed Natasha
  2141 | D:2      | Noticed Crazy Yiuf
  2150 | D:2      | Killed Crazy Yiuf
  2150 | D:2      | Reached skill level 7 in Short Blades
  2361 | D:3      | Reached XP level 7. HP: 24/46 MP: 7/7
  2619 | D:3      | Reached *** piety under Trog
  2868 | D:4      | Reached skill level 8 in Short Blades
  3293 | D:4      | Found a sacrificial altar of Ru.
  3372 | D:4      | Reached XP level 8. HP: 45/53 MP: 8/8
  3502 | D:4      | Noticed Grinder
  3535 | D:4      | Paralysed by Grinder for 2 turns
  3539 | D:5      | Entered Level 5 of the Dungeon
  3798 | D:4      | Paralysed by Grinder for 5 turns
  3803 | D:4      | Killed from afar by Grinder

Action                   |  1- 3 |  4- 6 |  7- 9 || total
-------------------------+-------+-------+-------++-------
Melee: Short sword       |    78 |       |       ||    78
       Dagger            |    24 |   117 |   204 ||   345
       Unarmed           |     1 |       |       ||     1
Invok: Berserk           |     2 |     1 |     1 ||     4
       Trog's Hand       |       |     1 |     1 ||     2
  Use: Potion            |     1 |       |       ||     1
       Scroll            |       |       |     5 ||     5
 Stab: Sleeping          |     2 |     2 |     1 ||     5
  Eat: Chunk             |    10 |     5 |     5 ||    20
